 Dungeon Crawl Stone Soup version 0.16-a0-3389-g45633df (webtiles) character file.

2249 BluebellGnoll the Covert (level 9, -1/51 HPs)
             Began as an Octopode Wanderer on Dec 29, 2014.
             Was a Follower of Dithmenos.
             Slain by a gnoll
             ... wielding a +0 spear
              (7 damage)
             ... on level 7 of the Dungeon on Dec 30, 2014.
             The game lasted 00:34:02 (5679 turns).

BluebellGnoll the Covert (Octopode Wanderer)        Turns: 5679, Time: 00:34:02

Health: -1/51      AC:  1    Str: 11    XL:     9   Next: 37%
Magic:  11/22      EV: 15    Int: 19    God:    Dithmenos [*.....]
Gold:   278        SH:  0    Dex: 12    Spells: 3 memorised, 14 levels left

rFire  + . .     SeeInvis .     a - +3 dagger
rCold  . . .     Clarity  .     (no shield)
rNeg   + . .     SustAb   .     (helmet restricted)
rPois  .         Gourm    .     w - amulet of rage
rElec  .         Spirit   .     q - ring of positive energy
rCorr  .         Warding  .     t - ring of protection from fire
rMut   .         Stasis   .     A - +2 ring of intelligence
MR     .....                    (no ring)
Stlth  ++++++....               (no ring)
                                (no ring)
                                (no ring)
                                (no ring)

@: lethally poisoned, wreathed by umbra, not resistant to hostile enchantments,
very stealthy
A: almost no armour, amphibious, 8 rings, constrict 8, camouflage 1, mutation
resistance 1, gelatinous body 1
a: Renounce Religion, Evoke Berserk Rage


You were on level 7 of the Dungeon.
You worshipped Dithmenos.
Dithmenos was aware of your devotion.
You were not hungry.

You visited 2 branches of the dungeon, and saw 8 of its levels.

You collected 278 gold pieces.

Inventory:

Hand weapons
 a - a +3 dagger (weapon)
 G - a +0 blowgun
 J - a +2 flail of crushing
Missiles
 m - 51 stones (quivered)
 y - a throwing net
 F - 30 poisoned needles
Jewellery
 k - an uncursed amulet of resist mutation {unknown}
 q - a ring of positive energy (left tentacle)
 t - a ring of protection from fire (right tentacle)
 w - an amulet of rage (around mantle)
 A - a +2 ring of intelligence (on tentacle)
 C - an uncursed amulet of resist corrosion
 E - an uncursed ring of teleportation
Magical devices
 j - a wand of digging (15)
 p - a wand of confusion (28)
 v - a wand of heal wounds (6)
 M - a wand of frost (36)
 N - a wand of enslavement (24)
 O - a wand of invisibility (5)
Scrolls
 g - 4 scrolls of teleportation
 i - 3 scrolls of enchant weapon
 l - a scroll of remove curse
Potions
 b - 2 potions of magic
 e - 3 potions of curing
 h - a potion of lignification {unknown}
 o - a potion of flight {unknown}
 I - a potion of ambrosia
Books
 c - Itiast's Compendium of the Mountains

   Spells                             Type                      Level
   a - Sandblast                      Earth                        1
   b - Stone Arrow                    Conjuration/Earth            3
 d - the Handbook of the Albatross

   Spells                             Type                      Level
   a - Sting                          Conjuration/Poison           1
   b - Spider Form                    Transmutation/Poison         3
 s - a book of Dreams

   Spells                             Type                      Level
   a - Ensorcelled Hibernation        Hexes/Ice                    2
   b - Flight                         Charms/Air                   3
   c - Phase Shift                    Translocation                5
   d - Shadow Creatures               Summoning                    5
   e - Mass Confusion                 Hexes                        6
   f - Darkness                       Hexes                        7
 L - a book of Hinderance

   Spells                             Type                      Level
   a - Confusing Touch                Hexes                        2
   b - Confuse                        Hexes                        3
   c - Petrify                        Transmutation/Earth          4
   d - Metabolic Englaciation         Hexes/Ice                    5
   e - Summon Mana Viper              Hexes/Summoning              5
   f - Gell's Gravitas                Hexes/Translocation          6
Comestibles
 f - 3 bread rations
 n - 2 fruits
 r - 3 chunks of flesh
 u - a royal jelly
 z - 4 meat rations


   Skills:
 - Level 2.0 Short Blades
 * Level 6.6 Dodging
 - Level 8.4 Stealth
 - Level 6.1 Spellcasting
 * Level 0.6 Conjurations
 - Level 4.5 Hexes
   Level 3.0 Fire Magic
 - Level 3.6 Poison Magic


You had 14 spell levels left.
You knew the following spells:

 Your Spells              Type           Power        Failure   Level  Hunger
a - Sting                 Conj/Pois      ##..         6%          1    None
b - Ensorcelled Hibernat  Hex/Ice        ##....       10%         2    None
c - Confuse               Hex            ###.....     6%          3    ##.....


Dungeon Overview and Level Annotations

Branches:
Dungeon (7/15)             Temple (1/1) D:6

Altars:
Dithmenos
Elyvilon
Fedhas
Ru
Sif Muna
Xom
Zin


Innate Abilities, Weirdness & Mutations

You cannot wear most types of armour.
You are amphibious.
You can wear up to eight rings at the same time.
You can use your tentacles to constrict many enemies at once.
Your skin changes colour to match your surroundings (Stealth).
Your rubbery body absorbs attacks (AC +1).
You are somewhat resistant to further mutation.


Message History

An ogre comes into view. It is wielding a giant club.
Things that are here:
a halberd of venom; a gnoll corpse You hit the gnoll.
You grab the gnoll.
The gnoll is lightly wounded.
You constrict the gnoll.
The gnoll struggles to escape constriction.
A crimson imp comes into view.
You hit the gnoll.
The gnoll is severely wounded.
You constrict the gnoll, but do no damage.
You feel sick.
The gnoll escapes!
The gnoll hits you from afar with a spear.
The gnoll hits you with a flail!
* * * LOW HITPOINT WARNING * * *
You feel sick.
The gnoll hits you from afar with a spear.
* * * LOW HITPOINT WARNING * * *
The gnoll hits you from afar with a spear!
You die...

..# #.# #)# #.
#<#
#..###)#######.
#......O........
#....g5Z######.
#...##..# ....#
#g@#
###............#
#.###..#####.#
##.# ..# ... ..#
#..# ..#


You could see an ogre, 2 gnolls, a crimson imp and a quokka skeleton.

Vanquished Creatures
  The ghost of archlich the Sneak, an experienced DsEn of Vehumet (D:6)
  Pikel (D:6)
  Eustachio (D:4)
  Edmund (D:4)
  4 slaves (D:6)
  A sky beast (D:6)
  2 ogres
  Sigmund (D:4)
  A giant frog (D:6)
  A gnoll sergeant (D:7)
  A water moccasin skeleton (D:6)
  A scorpion (D:5)
  2 crimson imps
  A jelly (D:6)
  Crazy Yiuf (D:6)
  A giant frog skeleton (D:5)
  2 centaur skeletons
  An orc wizard (D:4)
  Ijyb (D:2)
  Jessica (D:2)
  A hound skeleton (D:4)
  3 gnolls (D:7)
  A giant mite (D:4)
  6 adders
  2 shadow imps
  2 worms
  4 giant geckos
  An ooze (D:4)
  4 orcs
  12 bats
  2 bat skeletons (D:4)
  4 giant cockroaches
  7 goblins
  11 hobgoblins
  14 kobolds
  A ball python (D:2)
  4 giant newts
  A jackal skeleton (D:4)
  2 quokkas
  5 rats
113 creatures vanquished.

Notes
Turn   | Place    | Note
--------------------------------------------------------------
     0 | D:1      | BluebellGnoll, the Octopode Wanderer, began the quest for the Orb.
     0 | D:1      | BluebellGnoll set off with: a +2 dagger, a potion of haste, Itiast's Compendium of the Mountains, the Handbook of the Albatross, a bread ration
     0 | D:1      | Reached XP level 1. HP: 11/11 MP: 2/2
     0 | D:1      | Identified Itiast's Compendium of the Mountains
     0 | D:1      | Identified the Handbook of the Albatross
    11 | D:1      | Learned a level 1 spell: Sting
   317 | D:1      | Reached skill level 1 in Short Blades
   331 | D:1      | Reached XP level 2. HP: 17/17 MP: 3/3
   630 | D:2      | Noticed Jessica
   635 | D:2      | Killed Jessica
   635 | D:2      | Reached skill level 4 in Stealth
   635 | D:2      | Reached XP level 3. HP: 21/21 MP: 4/4
   751 | D:2      | Learned a level 2 spell: Ensorcelled Hibernation
   793 | D:2      | Reached skill level 5 in Stealth
   943 | D:2      | Reached XP level 4. HP: 24/27 MP: 5/5
   969 | D:2      | Noticed Ijyb
   986 | D:2      | Killed Ijyb
  1036 | D:2      | Found a glowing silver altar of Zin.
  1036 | D:2      | Found a blossoming altar of Fedhas.
  1834 | D:3      | Reached XP level 5. HP: 28/31 MP: 4/7
  2436 | D:4      | Noticed Edmund
  2484 | D:4      | Killed Edmund
  2484 | D:4      | Reached XP level 6. HP: 11/36 MP: 1/8
  2669 | D:4      | Noticed Eustachio
  2690 | D:4      | Killed Eustachio
  2944 | D:4      | Found a shadowy altar of Dithmenos.
  2960 | D:4      | Became a worshipper of Dithmenos the Shadowed
  3054 | D:4      | Reached XP level 7. HP: 41/41 MP: 9/9
  3210 | D:4      | Found a deep blue altar of Sif Muna.
  3213 | D:4      | Reached skill level 6 in Stealth
  3275 | D:4      | Noticed an ogre
  3279 | D:4      | Killed an ogre
  3279 | D:4      | Reached skill level 7 in Stealth
  3365 | D:4      | Noticed Sigmund
  3377 | D:4      | Killed Sigmund
  3470 | D:5      | Entered Level 5 of the Dungeon
  3823 | D:5      | Reached skill level 8 in Stealth
  3898 | D:5      | Learned a level 3 spell: Confuse
  4371 | D:6      | Gained mutation: You are somewhat resistant to further mutation. [potion of beneficial mutation]
  4373 | D:6      | Noticed Crazy Yiuf
  4379 | D:6      | Killed Crazy Yiuf
  4543 | D:6      | Reached XP level 8. HP: 46/46 MP: 10/13
  4598 | D:6      | Noticed archlich's ghost (experienced DsEn)
  4658 | D:6      | Found a staircase to the Ecumenical Temple.
  4676 | Temple   | Entered the Ecumenical Temple
  4700 | D:6      | Found a shimmering altar of Xom.
  5151 | D:6      | Noticed Pikel
  5163 | D:6      | Upgraded the game from 0.16-a0-3354-g045d5c7 to 0.16-a0-3389-g45633df
  5365 | D:6      | Killed Pikel
  5365 | D:6      | Reached skill level 5 in Dodging
  5365 | D:6      | Reached XP level 9. HP: 51/51 MP: 14/20
  5391 | D:6      | Killed archlich's ghost
  5679 | D:7      | Slain by a gnoll

Action                   |  1- 3 |  4- 6 |  7- 9 || total
-------------------------+-------+-------+-------++-------
Melee: Dagger            |    41 |    85 |   122 ||   248
 Cast: Sting             |    15 |    19 |    21 ||    55
       Ensorcelled Hiber |       |     1 |     2 ||     3
       Confuse           |       |       |    22 ||    22
  Use: Scroll            |       |     6 |    10 ||    16
       Potion            |       |     1 |     5 ||     6
 Stab: Sleeping          |     6 |    18 |    20 ||    44
       Confused          |       |       |    10 ||    10
  Eat: Chunk             |     1 |     7 |    11 ||    19
